 Dungeon Crawl Stone Soup version 0.31-a0-150-g89dc3ad700 (webtiles) character file.

Game seed: 1140232067911139787

56 Maxmaps the Ducker (level 3, -4/29 HPs)
             Began as a Demonspawn Monk on June 8, 2023.
             Slain by a gnoll
             ... wielding a +3 spear
              (7 damage)
             ... on level 3 of the Dungeon.
             The game lasted 00:01:21 (1421 turns).

Maxmaps the Ducker (Demonspawn Monk)                Turns: 1421, Time: 00:01:21

Health: -4/29      AC:  9    Str: 11    XL:     3   Next: 71%
Magic:  3/3        EV: 11    Int: 13    God:
Gold:   83         SH:  0    Dex: 15    Spells: 2/2 levels left

rFire   . .          .
                       - Unarmed
rCold   . . .        (no shield)
rNeg    . . .        h - +0 ring mail
rPois   .            (no helmet)
rElec   .            (no cloak)
rCorr   .            (no gloves)
SInv    .            (no boots)
Will    .....        (no amulet)
Stlth   +            g - +4 ring of protection
HPRegen 0.24/turn    (no ring)
MPRegen 0.16/turn

%: no passive effects
@: invisible
A: magic regeneration
a: no special abilities


You were on level 3 of the Dungeon.
You visited 1 branch of the dungeon, and saw 3 of its levels.

You collected 83 gold pieces.

Inventory:

Armour
 a - a +0 robe
 c - an orb of light
 h - a +0 ring mail (worn)
Jewellery
 g - a +4 ring of protection (left hand)
Scrolls
 d - a scroll of enchant weapon {unknown}
 e - a scroll of vulnerability {unknown}
 f - a scroll of acquirement {unknown}
 j - 2 scrolls of identify {unknown}
 k - a scroll of fog {unknown}
Potions
 b - a potion of ambrosia


   Skills:
 - Level 3.0 Fighting
 + Level 2.0 Armour
 - Level 3.3 Dodging
 - Level 3.1 Unarmed Combat


You had 2 spell levels left.
You didn't know any spells.
Your spell library was empty.

Dungeon Overview and Level Annotations

Branches:
Dungeon (3/15)

Altars:


Innate Abilities, Weirdness & Mutations

You regenerate magic rapidly.


Message History

The gnoll shouts!
A gnoll comes into view. It is wielding a +3 spear.
The gnoll shouts!
A gnoll comes into view. It is wielding a +0 club.
The gnoll shouts!
The gnoll hits you with a +0 flail.
You hit the gnoll.
The gnoll is moderately wounded.
The gnoll barely misses you.
You hit the gnoll.
The gnoll is almost dead.
The gnoll hits you with a +0 flail. The gnoll barely misses you.
You hit the gnoll.
You kill the gnoll!
The gnoll hits you but does no damage.
Your Armour skill increases to level 2!
The gnoll hits you with a +3 spear.
You see here a +0 flail.
You barely miss the gnoll. You hit the gnoll but do no damage.
The gnoll hits you but does no damage.
You hit the gnoll but do no damage. You punch the gnoll, but do no damage.
The gnoll barely misses you. The gnoll hits you with a +3 spear.
You barely miss the gnoll. The gnoll hits you but does no damage.
The gnoll hits you with a +3 spear!
You are too injured to fight recklessly!
It was a potion of invisibility.
You fade into invisibility!
The gnoll barely misses you. x2
You hit the gnoll.
The gnoll is lightly wounded.
The gnoll barely misses you. x2
You barely miss the gnoll.
The gnoll is lightly wounded.
The gnoll barely misses you. The gnoll hits you with a +3 spear!
* * * LOW HITPOINT WARNING * * *
You strike the helpless gnoll from behind!
You hit the gnoll.
The gnoll is moderately wounded.
The gnoll hits you but does no damage. The gnoll hits you with a +3 spear!
You die...

#### ..# #########
#.########gg......
####.##......@# #
#.......####### #.##.##<#### .#
#.#.......# #.# # #.......#.#
#.# # ###..####.#########
##.###### # #....##.#.......#
###.......# # #.##.##.#........
....# ##.###
#.##.##.#.......#####..###.....


You could see 2 gnolls.

Vanquished Creatures
  A gnoll (D:3)
  2 worms (D:2)
  A dart slug (D:2)
  7 ball pythons
  3 endoplasms
  2 giant cockroaches
  3 goblins
  A hobgoblin (D:3)
  3 jackals (D:2)
  3 quokkas (D:1)
  4 bats
  2 frilled lizards
  2 kobolds
  4 rats
38 creatures vanquished.

Notes
Turn   | Place    | Note
-------+----------+-------------------------------------------
     0 | D:1      | Maxmaps the Demonspawn Monk began the quest for the Orb.
     0 | D:1      | Reached XP level 1. HP: 18/18 MP: 1/1
   284 | D:1      | Gained mutation: You regenerate magic rapidly. [demonic
                  | ancestry]
   284 | D:1      | Reached XP level 2. HP: 24/24 MP: 2/2
   555 | D:1      | Found a faded altar of an unknown god.
   883 | D:2      | Reached XP level 3. HP: 29/29 MP: 3/3
   905 | D:2      | Reached skill level 1 in Armour
  1421 | D:3      | Slain by a gnoll

Illustrated notes

Levels and vault maps discovered:
D:1:      dpeg_arrival_long_road, layout_loops_cross,
          shapermc_ecumenical_altar_mp_urbaneastern
D:2:      layout_rooms
D:3:      layout_loops_cross, mainiacjoe_overflow_concentric_impassable,
          vehumet_crystals, uniq_terence

Skill      XL: |  1  2  3 |
---------------+----------+-----
Unarmed Combat | 3 |  3.1
Dodging        | 3 |  3.3
Armour         | 2 |  2.0
Fighting       | |  3.0

Action                     || total
---------------------------++-------
  Melee: Unarmed           ||   150
         Punch             ||     4
    Use: Potion            ||     1
   Stab: Invisible         ||     1
 Armour: Robe              ||     9
         Ring mail         ||    29
  Dodge: Dodged            ||    89

Table legend: (Time is in decaauts)
 A = Elapsed time spent in this place.
 B = Non-inter-level travel time spent in this place.
 C = Inter-level travel time spent in this place.
 D = Time resting spent in this place.
 E = Time spent auto-exploring this place.
 F = Levels seen in this place.
 G = Mean time per level.
                   A        B        C        D        E       F      G
               +--------+--------+--------+--------+--------+-----+--------+
         Total |   1411 |   1332 |     79 |     43 |   1003 |   3 |  470.3 |
       Dungeon |   1411 |   1332 |     79 |     43 |   1003 |   3 |  470.3 |
               +--------+--------+--------+--------+--------+-----+--------+

Top non-repeatable levels by time:
     D:1: 747 daAuts
     D:2: 522 daAuts
     D:3: 142 daAuts
